PR
HICKSVILLE HOUNDS @ LADUE RAMS
08/23/2042
 
TOP OF THE 1ST
Hicksville Hounds batting - Pitching for Ladue Rams : LHP Harri Haverfldt
Pitching: LHP Harri Haverfldt
Batting: LHB Timothy Hayes 0-0: Ball
1-0: Foul Ball, location: 2F
1-1: Swinging Strike
1-2: Foul Ball, location: 2F
1-2: Ball
2-2: Fly out, F7 (Line Drive, 7, EV 95.0 MPH)
Batting: RHB Joe Barrientez 0-0: Swinging Strike
0-1: Ball
1-1: Ball
2-1: DOUBLE (Line Drive, 7LM, EV 108.8 MPH)
Batting: RHB Zhong-yi Yun 0-0: Foul Ball, location: 2F
0-1: Ball
1-1: Ground out 1-3 (Groundball, 34S, EV 71.9 MPH)
Joe Barrientez to third
Batting: RHB Ming-an Yin 0-0: Ball
1-0: Fly out, F5 (Popup, 5SF, EV 68.8 MPH)
Top of the 1st over - 0 runs, 1 hit, 0 errors, 1 left on base; Hicksville 0 - Ladue 0
BOTTOM OF THE 1ST
Ladue Rams batting - Pitching for Hicksville Hounds : RHP Tim Stroud
Pitching: RHP Tim Stroud
Batting: RHB Muneyaki Hayashi 0-0: Ball
1-0: Swinging Strike
1-1: Ball
2-1: Foul Ball, location: 2F
2-2: Foul Ball, location: 2F
2-2: Ground out 5-3 (Groundball, 5, EV 103.1 MPH)
Batting: RHB Luis Colmenaris 0-0: Called Strike
0-1: Ball
1-1: Fly out, F9 (Flyball, 89D, EV 86.9 MPH)
Batting: RHB Tangaloa Manaolana 0-0: Ground out 5-3 (Groundball, 56, EV 86.9 MPH)
Bottom of the 1st over - 0 runs, 0 hits, 0 errors, 0 left on base; Hicksville 0 - Ladue 0
TOP OF THE 2ND
Hicksville Hounds batting - Pitching for Ladue Rams : LHP Harri Haverfldt
Batting: RHB Jesús Renderos 0-0: Called Strike
0-1: Foul Ball, location: 2F
0-2: Ground out 2-3 (Groundball, 2R, EV 63.8 MPH)
Batting: RHB Trent Davis 0-0: Swinging Strike
0-1: Called Strike
0-2: Strikes out swinging
Batting: RHB Andrew Potter 0-0: Ball
1-0: Foul Ball, location: 2F
1-1: Ball
2-1: Foul Ball, location: 2F
2-2: Foul Ball, location: 2F
2-2: Foul Ball, location: 2F
2-2: Strikes out swinging
Top of the 2nd over - 0 runs, 0 hits, 0 errors, 0 left on base; Hicksville 0 - Ladue 0
BOTTOM OF THE 2ND
Ladue Rams batting - Pitching for Hicksville Hounds : RHP Tim Stroud
Batting: LHB Ruff McGruffin 0-0: Called Strike
0-1: Ball
1-1: Ball
2-1: Ball
3-1: Fly out, F7 (Flyball, 7D, EV 92.5 MPH)
Batting: RHB César Hinojosa 0-0: Ball
1-0: Foul Ball, location: 2F
1-1: Fly out, F9 (Flyball, 9, EV 86.2 MPH)
Batting: LHB Jermaine Tuttle 0-0: Ball
1-0: Called Strike
1-1: Ball
2-1: Ball
3-1: SINGLE (Flyball, 9LS, EV 90.6 MPH)
Batting: RHB Drew Rose 0-0: Ball
1-0: Fly out, F7 (Flyball, 7LD, EV 101.2 MPH)
Bottom of the 2nd over - 0 runs, 1 hit, 0 errors, 1 left on base; Hicksville 0 - Ladue 0
TOP OF THE 3RD
Hicksville Hounds batting - Pitching for Ladue Rams : LHP Harri Haverfldt
Batting: RHB Eng-hee Pan 0-0: Ball
1-0: Called Strike
1-1: Fly out, F3 (Popup, 3S, EV 76.9 MPH)
Batting: RHB Will Barr 0-0: Called Strike
0-1: Called Strike
0-2: Ball
1-2: Ball
2-2: Strikes out looking
Batting: LHB Timothy Hayes 0-0: Foul Ball, location: 2F
0-1: Foul Ball, location: 2F
0-2: Ball
1-2: Foul Ball, location: 2F
1-2: Ball
2-2: Fly out, F9 (Line Drive, 9D, EV 94.4 MPH)
Top of the 3rd over - 0 runs, 0 hits, 0 errors, 0 left on base; Hicksville 0 - Ladue 0
BOTTOM OF THE 3RD
Ladue Rams batting - Pitching for Hicksville Hounds : RHP Tim Stroud
Batting: SHB Tom Lenehan 0-0: Ball
1-0: Called Strike
1-1: Fly out, F8 (Flyball, 8LM, EV 85.6 MPH)
Batting: LHB Guillermo Valverde 0-0: Called Strike
0-1: Ball
1-1: Ball
2-1: Ground out 6-3 (Groundball, 6M, EV 111.2 MPH)
Batting: RHB Muneyaki Hayashi 0-0: Called Strike
0-1: Ball
1-1: Fly out, F8 (Flyball, 8LXD, EV 97.5 MPH)
Bottom of the 3rd over - 0 runs, 0 hits, 0 errors, 0 left on base; Hicksville 0 - Ladue 0
TOP OF THE 4TH
Hicksville Hounds batting - Pitching for Ladue Rams : LHP Harri Haverfldt
Batting: RHB Joe Barrientez 0-0: Ball
1-0: Foul Ball, location: 2F
1-1: Ground out 4-3 (Groundball, 4, EV 83.8 MPH)
Batting: RHB Zhong-yi Yun 0-0: Ball
1-0: Ball
2-0: Called Strike
2-1: Ground out 1-3 (Groundball, 34S, EV 88.8 MPH)
Batting: RHB Ming-an Yin 0-0: Ball
1-0: SINGLE (Line Drive, 9LM, EV 97.5 MPH)
Batting: RHB Jesús Renderos 0-0: Foul Ball, location: 2F
0-1: Ball
1-1: Fly out, F7 (Flyball, 78S, EV 98.8 MPH)
Top of the 4th over - 0 runs, 1 hit, 0 errors, 1 left on base; Hicksville 0 - Ladue 0
BOTTOM OF THE 4TH
Ladue Rams batting - Pitching for Hicksville Hounds : RHP Tim Stroud
Batting: RHB Luis Colmenaris 0-0: Ball
1-0: Fly out, F8 (Flyball, 8LM, EV 90.6 MPH)
Batting: RHB Tangaloa Manaolana 0-0: Ball
1-0: Ball
2-0: SOLO HOME RUN (Flyball, 7D, EV 107.5 MPH), Distance : 376 ft
Batting: LHB Ruff McGruffin 0-0: Foul Ball, location: 2F
0-1: Ball
1-1: Foul Ball, location: 2F
1-2: Strikes out swinging
Batting: RHB César Hinojosa 0-0: Ground out 1-3 (Groundball, 13S, EV 66.2 MPH)
Bottom of the 4th over - 1 run, 1 hit, 0 errors, 0 left on base; Hicksville 0 - Ladue 1
TOP OF THE 5TH
Hicksville Hounds batting - Pitching for Ladue Rams : LHP Harri Haverfldt
Batting: RHB Trent Davis 0-0: Called Strike
0-1: Ball
1-1: Foul Ball, location: 2F
1-2: Strikes out swinging
Batting: RHB Andrew Potter 0-0: Foul Ball, location: 2F
0-1: DOUBLE (Line Drive, 5D, EV 103.1 MPH)
Batting: RHB Eng-hee Pan 0-0: Ball
1-0: Ball
2-0: Ball
3-0: Base on Balls
Batting: RHB Will Barr 0-0: Ball
1-0: Ball
2-0: Called Strike
2-1: Fielders Choice at 2nd, 1-6 (Groundball, 13S, EV 73.1 MPH)
Andrew Potter to third
Batting: LHB Timothy Hayes 0-0: Foul Ball, location: 2F
0-1: Fielders Choice at 2nd, 6-4 (Groundball, 6, EV 101.9 MPH)
Top of the 5th over - 0 runs, 1 hit, 0 errors, 2 left on base; Hicksville 0 - Ladue 1
BOTTOM OF THE 5TH
Ladue Rams batting - Pitching for Hicksville Hounds : RHP Tim Stroud
Batting: LHB Jermaine Tuttle 0-0: Ball
1-0: Foul Ball, location: 2F
1-1: Ground out 5-3 (Groundball, 5, EV 84.4 MPH)
Batting: RHB Drew Rose 0-0: Ground out 6-3 (Groundball, 6, EV 86.2 MPH)
Batting: SHB Tom Lenehan 0-0: Bunted foul
0-1: Swinging Strike
0-2: Ball
1-2: Foul Ball, location: 2F
1-2: Ball
2-2: Foul Ball, location: 2F
2-2: Strikes out looking
Bottom of the 5th over - 0 runs, 0 hits, 0 errors, 0 left on base; Hicksville 0 - Ladue 1
TOP OF THE 6TH
Hicksville Hounds batting - Pitching for Ladue Rams : LHP Harri Haverfldt
Batting: RHB Joe Barrientez 0-0: SINGLE (Groundball, 6MD, EV 105.6 MPH)
Batting: RHB Zhong-yi Yun 0-0: Called Strike
0-1: Called Strike
0-2: Ball
1-2: Strikes out swinging
Batting: RHB Ming-an Yin 0-0: Ball
1-0: Swinging Strike
1-1: Ball
2-1: DOUBLE (Line Drive, 9LS, EV 109.4 MPH)
Joe Barrientez to third
Batting: RHB Jesús Renderos 0-0: Called Strike
0-1: Ball
1-1: 3-RUN HOME RUN (Flyball, 78XD, EV 102.5 MPH), Distance : 428 ft
Batting: RHB Trent Davis 0-0: Called Strike
0-1: Called Strike
0-2: Strikes out swinging
Batting: RHB Andrew Potter 0-0: Ball
1-0: Ball
2-0: SINGLE (Groundball, 56D, EV 95.6 MPH)
Batting: RHB Eng-hee Pan 0-0: SINGLE (Line Drive, 9LS, EV 93.8 MPH)
Andrew Potter to second
Runner from 2nd tries for 3rd, SAFE, throw by RF made to third
Batting: RHB Will Barr Pickoff Throw to First - Out! 1-3
Top of the 6th over - 3 runs, 5 hits, 0 errors, 1 left on base; Hicksville 3 - Ladue 1
BOTTOM OF THE 6TH
Ladue Rams batting - Pitching for Hicksville Hounds : RHP Tim Stroud
Batting: LHB Guillermo Valverde 0-0: Called Strike
0-1: Ball
1-1: Ball
2-1: Fly out, F7 (Flyball, 78M, EV 89.4 MPH)
Batting: RHB Muneyaki Hayashi 0-0: Ball
1-0: Foul Ball, location: 2F
1-1: Ball
2-1: Foul Ball, location: 2F
2-2: SINGLE (Flyball, 7S, EV 92.5 MPH)
Batting: RHB Luis Colmenaris 0-0: Called Strike
0-1: Swinging Strike
0-2: SINGLE (Groundball, 56D, EV 105.6 MPH)
Muneyaki Hayashi to second
Batting: RHB Tangaloa Manaolana 0-0: Ball
1-0: Called Strike
Muneyaki Hayashi steals 3rd base
1-1: Ball
2-1: TRIPLE (Line Drive, 89XD, EV 101.9 MPH)
Muneyaki Hayashi scores
Luis Colmenaris scores
Batting: LHB Ruff McGruffin 0-0: Ball
1-0: Ball
2-0: Ball
3-0: Called Strike
3-1: Base on Balls
Batting: RHB César Hinojosa 0-0: SINGLE (Groundball, 56, EV 99.4 MPH)
Tangaloa Manaolana scores
Ruff McGruffin to second
Batting: LHB Jermaine Tuttle 0-0: Fielders Choice at 2nd, 5-4 (Groundball, 56, EV 88.1 MPH)
Ruff McGruffin to third
Batting: RHB Drew Rose 0-0: Foul Ball, location: 2F
0-1: Foul Ball, location: 2F
0-2: Strikes out swinging
Bottom of the 6th over - 3 runs, 4 hits, 0 errors, 2 left on base; Hicksville 3 - Ladue 4
TOP OF THE 7TH
Hicksville Hounds batting - Pitching for Ladue Rams : LHP Harri Haverfldt
Batting: RHB Will Barr 0-0: Ball
1-0: Ball
2-0: Foul Ball, location: 2F
2-1: Fly out, F9 (Flyball, 9D, EV 100.0 MPH)
Batting: LHB Timothy Hayes 0-0: Ball
1-0: Ball
2-0: Called Strike
2-1: Called Strike
2-2: Foul Ball, location: 2F
2-2: SINGLE (Line Drive, 7S, EV 96.9 MPH)
Pitching: RHP Ramón Echevarría
Batting: RHB Joe Barrientez 0-0: Called Strike
0-1: Foul Ball, location: 2F
0-2: Ball
1-2: Ball
2-2: Ball
3-2: Foul Ball, location: 2F
3-2: Foul Ball, location: 2F
3-2: Foul Ball, location: 2F
3-2: Base on Balls
Timothy Hayes to second
Batting: RHB Zhong-yi Yun 0-0: Ball
1-0: Ball
2-0: Called Strike
2-1: Ball
3-1: Called Strike
3-2: Base on Balls
Timothy Hayes to third
Joe Barrientez to second
Batting: RHB Ming-an Yin 0-0: Foul Ball, location: 2F
0-1: Ball
1-1: Ball
2-1: Called Strike
2-2: Ball
3-2: Strikes out swinging
Batting: RHB Jesús Renderos 0-0: Foul Ball, location: 2F
0-1: Swinging Strike
0-2: Foul Ball, location: 2F
0-2: Fielders Choice at 2nd, 6-4 (Groundball, 6, EV 81.9 MPH)
Top of the 7th over - 0 runs, 1 hit, 0 errors, 3 left on base; Hicksville 3 - Ladue 4
BOTTOM OF THE 7TH
Ladue Rams batting - Pitching for Hicksville Hounds : RHP Tim Stroud
Batting: SHB Tom Lenehan 0-0: Called Strike
0-1: Ball
1-1: Ground out U3 (Groundball, 3, EV 90.6 MPH)
Batting: LHB Guillermo Valverde 0-0: Called Strike
0-1: Ball
1-1: Ball
2-1: SINGLE (Line Drive, 6D, EV 96.2 MPH)
Batting: RHB Muneyaki Hayashi 0-0: Called Strike
0-1: Ball
1-1: Fielders Choice at 2nd, 5-4 (Groundball, 5L, EV 83.1 MPH)
Batting: RHB Luis Colmenaris 0-0: Ball
1-0: Foul Ball, location: 2F
1-1: Ball
2-1: Ball
3-1: Ground out 5-3 (Groundball, 56S, EV 81.9 MPH)
Bottom of the 7th over - 0 runs, 1 hit, 0 errors, 1 left on base; Hicksville 3 - Ladue 4
TOP OF THE 8TH
Hicksville Hounds batting - Pitching for Ladue Rams : RHP Ramón Echevarría
Batting: RHB Trent Davis 0-0: Ball
1-0: Called Strike
1-1: Called Strike
1-2: Strikes out swinging
Batting: RHB Andrew Potter 0-0: SINGLE (Groundball, 56D, EV 96.2 MPH)
Batting: RHB Eng-hee Pan 0-0: Ball
1-0: Foul Ball, location: 2F
1-1: Foul Ball, location: 2F
1-2: Strikes out looking
Pinch Hitting: LHB Vic Trewick 0-0: Swinging Strike
0-1: Foul Ball, location: 2F
0-2: SINGLE (Groundball, 6MD, EV 95.6 MPH)
Andrew Potter to second
Batting: LHB Timothy Hayes 0-0: Ball
1-0: Called Strike
1-1: Ground out 4-3 (Groundball, 4, EV 99.4 MPH)
Top of the 8th over - 0 runs, 2 hits, 0 errors, 2 left on base; Hicksville 3 - Ladue 4
BOTTOM OF THE 8TH
Ladue Rams batting - Pitching for Hicksville Hounds : RHP Tim Stroud
Now in LF: Arturo Iglésias
Batting: RHB Tangaloa Manaolana 0-0: Ball
1-0: Fly out, F9 (Flyball, 89M, EV 74.4 MPH)
Batting: LHB Ruff McGruffin 0-0: Ball
1-0: Ball
2-0: Called Strike
2-1: Ground out U3 (Groundball, 34S, EV 70.6 MPH)
Batting: RHB César Hinojosa 0-0: Swinging Strike
0-1: Fly out, F7 (Flyball, 7LS, EV 86.2 MPH)
Bottom of the 8th over - 0 runs, 0 hits, 0 errors, 0 left on base; Hicksville 3 - Ladue 4
TOP OF THE 9TH
Hicksville Hounds batting - Pitching for Ladue Rams : RHP Ramón Echevarría
Pitching: LHP Albert Crawford
Batting: RHB Joe Barrientez 0-0: Swinging Strike
0-1: Swinging Strike
0-2: Foul Ball, location: 2F
0-2: Foul Ball, location: 2F
0-2: Ball
1-2: Strikes out swinging
Batting: RHB Zhong-yi Yun 0-0: Ball
1-0: Ball
2-0: Ball
3-0: Base on Balls
Batting: RHB Ming-an Yin 0-0: Swinging Strike
0-1: Ball
1-1: Foul Ball, location: 2F
1-2: Strikes out swinging
Batting: RHB Jesús Renderos 0-0: Ball
1-0: Fly out, F7 (Flyball, 78S, EV 88.1 MPH)
Top of the 9th over - 0 runs, 0 hits, 0 errors, 1 left on base; Hicksville 3 - Ladue 4
Friday, March 26th, 2021 - OOTP Baseball 20.8 Build 74